 Dungeon Crawl Stone Soup version 0.29-a0-914-g906f1d757c (webtiles) character file.

Game seed: 891739178930900830

350 inmateoo the Sneak (level 6, -3/58 HPs)
             Began as an Octopode Transmuter on July 26, 2022.
             Slain by Grinder (5 damage)
             ... while paralysed by Grinder
             ... on level 4 of the Dungeon.
             The game lasted 00:05:06 (3639 turns).

inmateoo the Sneak (Octopode Transmuter)            Turns: 3639, Time: 00:05:06

Health: -3/58      AC: 23    Str:  9    XL:     6   Next: 60%
Magic:  6/9        EV:  2    Int: 18    God:
Gold:   204        SH:  0    Dex: 12    Spells: 4/10 levels left

rFire   . . .      SeeInvis .     - Unarmed
rCold   . . .      Faith    .   (no shield)
rNeg    . . .      Spirit   .   (helmet currently unavailable)
rPois   +          Reflect  .   (no amulet)
rElec   .          Harm     .   (no ring)
rCorr   .          Rampage  .   (no ring)
Will    .....      NoTele   +   (no ring)
Stlth   ++........              (no ring)
HPRegen 0.19/turn               (no ring)
MPRegen 0.11/turn               (no ring)
                                (no ring)
                                (no ring)

@: paralysed, tree-form, wereblooded
A: stationary, stasis, torment immunity, boosted hp, almost no armour,
(amphibious), 8 rings, (camouflage 1), (gelatinous body 1), (nimble swimmer 1),
(tentacles)
a: no special abilities


You were on level 4 of the Dungeon.
You were a tree.
You visited 1 branch of the dungeon, and saw 4 of its levels.

You collected 204 gold pieces.

Inventory:

Missiles
 b - 3 boomerangs
 d - 6 poisoned darts (quivered)
Armour
 h - a +0 buckler
Scrolls
 e - a scroll of enchant weapon
 j - 2 scrolls of teleportation
Potions
 c - 2 potions of brilliance
 f - 3 potions of curing
 g - a potion of degeneration {unknown}


   Skills:
 - Level 2.0 Fighting
 + Level 1.3 Throwing
 + Level 2.7 Dodging
 * Level 3.9 Stealth
 + Level 3.6 Unarmed Combat
 + Level 2.5 Spellcasting
 * Level 3.4 Transmutations
 * Level 2.8 Poison Magic


You had 4 spell levels left.
You knew the following spells:

 Your Spells              Type           Power      Damage    Failure   Level
a - Beastly Appendage     Tmut           28%        N/A       4%          1
b - Wereblood             Tmut           14%        N/A       6%          2
c - Spider Form           Tmut/Pois      13%        N/A       14%         3

Your spell library contained the following spells:

 Spells                   Type           Power      Damage    Failure   Level
 Ice Form                 Ice/Tmut       8%         N/A       63%         4


Dungeon Overview and Level Annotations

Branches:
Dungeon (4/15)
 Temple: D:4-7

Altars:
Hepliaklqana

Annotations:
D:4 Grinder


Innate Abilities, Weirdness & Mutations

You are a tree.
Your roots penetrate the ground, keeping you stationary.
You cannot be teleported.
You are immune to unholy pain and torment.
Your maximum health is greatly increased.
You cannot wear most types of armour.
((You are amphibious.))
You can wear up to eight rings at the same time.
((Your skin changes colour to match your surroundings (Stealth+).))
((Your rubbery body absorbs attacks. (AC +1, EV +1)))
((You are camouflaged when in or above water. (Stealth+)))
((You have tentacles for arms and can constrict up to eight enemies at once.))


Message History

Unknown command.
Unknown command.
You hit Grinder.
Grinder is lightly wounded.
Grinder hits you!
You hit Grinder but do no damage.
Grinder is poisoned.
Grinder is lightly wounded.
Grinder gestures at you. Pain shoots through your body!
You hit Grinder but do no damage.
Grinder is lightly wounded.
Grinder gestures at you. Pain shoots through your body!
You are too injured to fight recklessly!
Really quaff the potion of lignification?
Your transformation has ended.
You turn into a tree.
Your roots penetrate the ground.
Grinder hits you but does no damage.
You smack Grinder!
Grinder is heavily wounded.
Grinder hits you!
* * * LOW HITPOINT WARNING * * *
You completely miss Grinder.
Grinder is heavily wounded.
Grinder says, "Make like a tree!"
Grinder hits you!
* * * LOW HITPOINT WARNING * * *
You writhe in agony.
* * * LOW HITPOINT WARNING * * *
You smack Grinder!
Grinder is severely wounded.
Grinder gestures at you.
You suddenly lose the ability to move!
Grinder hits you but does no damage. Grinder gestures at you.
You shrug off the repeated paralysis!
Grinder hits you.
* * * LOW HITPOINT WARNING * * *
You writhe in agony.
You die...

####.# ## ###....## #.#
###.......### #.#
............####.#
..............##.# .
.................### ..
...................###...
###............5.........
.##.............♣........
.≈#.....................#
.≈#.................#####
.≈#.................#
.≈#.................#
.≈#......)........#.. .##
.........###.. ###
........# ##. ..# .......
##


You could see Grinder (poisoned).

Vanquished Creatures
  Eustachio (D:4)
  A scorpion (D:4)
  4 gnolls (D:2)
  3 adders
  A white imp (D:4)
  A worm (D:3)
  3 dart slugs
  2 orcs
  6 endoplasms
  A giant cockroach (D:3)
  7 goblins
  8 hobgoblins
  2 jackals (D:1)
  7 kobolds
  A quokka (D:4)
  9 ball pythons
  4 bats
  4 frilled lizards
  7 rats
  A spectral kobold (D:4)
73 creatures vanquished.

Notes
Turn   | Place    | Note
-------+----------+-------------------------------------------
     0 | D:1      | inmateoo the Octopode Transmuter began the quest for the
                  | Orb.
     0 | D:1      | Reached XP level 1. HP: 13/13 MP: 3/3
    88 | D:1      | Reached skill level 1 in Stealth
    88 | D:1      | Reached XP level 2. HP: 10/18 MP: 5/5
   783 | D:1      | Found a faded altar of an unknown god.
   952 | D:1      | Learned a level 2 spell: Wereblood
   993 | D:2      | Reached XP level 3. HP: 23/23 MP: 3/6
   997 | D:2      | Learned a level 3 spell: Spider Form
  1524 | D:2      | Reached skill level 1 in Poison Magic
  1574 | D:2      | Reached XP level 4. HP: 28/28 MP: 1/7
  2474 | D:3      | Reached XP level 5. HP: 33/33 MP: 8/8
  3069 | D:4      | Noticed Eustachio
  3101 | D:4      | Killed Eustachio
  3102 | D:4      | Reached skill level 1 in Throwing
  3102 | D:4      | Reached XP level 6. HP: 26/39 MP: 4/9
  3520 | D:4      | Found a hazy altar of Hepliaklqana.
  3617 | D:4      | Noticed Grinder
  3625 | D:4      | Paralysed by Grinder for 4 turns
  3636 | D:4      | Paralysed by Grinder for 5 turns
  3639 | D:4      | HP: 2/58 [Grinder (3)]
  3639 | D:4      | Slain by Grinder

Illustrated notes

Levels and vault maps discovered:
D:1:      lemuel_arrival_room, layout_basic, shapermc_ecumenical_altar_petra,
          minmay_stone_trees_medium, amcnicky_mini_pool_small,
          minmay_tetromino_s4
D:2:      cheibrodos_old_hovel, layout_loops_cross, minmay_split_cup_small
D:3:      layout_basic, minmay_misc_feat_ornament
D:4:      layout_layer_cave, nicolae_hepliaklqana_monster_ancestors,
          st_stairs_2, uniq_eustachio, uniq_grinder

Skill      XL: |  1  2  3  4  5 |
---------------+----------------+-----
Stealth        | 1 2 3 |  3.9
Poison Magic   | 1 2 |  2.8
Transmutations | 3 |  3.4
Fighting       | 2 |  2.0
Throwing       | 1 |  1.3
Dodging        | |  2.7
Unarmed Combat | |  3.6
Spellcasting   | |  2.5

Action                   |  1- 3 |  4- 6 || total
-------------------------+-------+-------++-------
Melee: Unarmed           |    59 |   103 ||   162
       Constrict         |    13 |    10 ||    23
       Kick              |    11 |     6 ||    17
       Tentacles         |     7 |     9 ||    16
       Punch             |       |     3 ||     3
Throw: Dart              |     4 |     4 ||     8
 Cast: Beastly Appendage |    20 |     4 ||    24
       Spider Form       |     2 |     9 ||    11
       Wereblood         |       |     2 ||     2
  Use: Scroll            |     4 |     1 ||     5
       Potion            |       |     1 ||     1
 Stab: Sleeping          |     8 |     9 ||    17
Armor: Skin              |     1 |     6 ||     7
Dodge: Dodged            |    31 |    55 ||    86

Table legend: (Time is in decaauts)
 A = Elapsed time spent in this place.
 B = Non-inter-level travel time spent in this place.
 C = Inter-level travel time spent in this place.
 D = Time resting spent in this place.
 E = Time spent auto-exploring this place.
 F = Levels seen in this place.
 G = Mean time per level.
                   A        B        C        D        E       F      G
               +--------+--------+--------+--------+--------+-----+--------+
         Total |   3630 |   3549 |     81 |   1421 |   1392 |   4 |  907.5 |
       Dungeon |   3630 |   3549 |     81 |   1421 |   1392 |   4 |  907.5 |
               +--------+--------+--------+--------+--------+-----+--------+

Top non-repeatable levels by time:
     D:1: 1060 daAuts
     D:2: 1007 daAuts
     D:4: 1002 daAuts
     D:3: 559 daAuts
